 Dungeon Crawl Stone Soup version 0.30-a0-782-ge64f9170bb (webtiles) character file.

Game seed: 5560156164785495455

382 mopl the Vexing (level 6, -3/34 HPs)
             Began as a Deep Elf Enchanter on Mar 14, 2023.
             Was an Initiate of Dithmenos.
             Blown up by Pikel (21 damage)
             ... with a mindburst bolt
             ... on level 5 of the Dungeon.
             The game lasted 00:05:34 (3838 turns).

mopl the Vexing (Deep Elf Enchanter)                Turns: 3838, Time: 00:05:35

Health: -3/34      AC:  3    Str: 11    XL:     6   Next: 47%
Magic:  3/15       EV: 13    Int: 22    God:    Dithmenos [......]
Gold:   216        SH:  0    Dex: 21    Spells: 2/15 levels left

rFire   . . .      SeeInvis .    a - +1 dagger
rCold   . . .      Faith    .    (no shield)
rNeg    . . .      Spirit   .    b - +0 robe
rPois   .          Reflect  .    (no helmet)
rElec   .          Harm     .    w - +0 cloak
rCorr   .          Rampage  .    (no gloves)
Will    .....                    (no boots)
Stlth   +++                      (no amulet)
HPRegen 0.25/turn                r - +6 ring of dexterity
MPRegen 0.14/turn                y - +6 ring of strength

@: no status effects
A: no striking features
a: Renounce Religion


You were on level 5 of the Dungeon.
You worshipped Dithmenos.
Dithmenos was noncommittal.
You visited 2 branches of the dungeon, and saw 6 of its levels.

You collected 216 gold pieces.

Inventory:

Hand Weapons
 a - a +1 dagger (weapon)
 s - a +0 war axe of flaming
Missiles
 d - 6 boomerangs
 q - 8 poisoned darts
Armour
 b - a +0 robe (worn)
 w - a +0 cloak (worn)
Jewellery
 r - a +6 ring of dexterity (left hand)
 y - a +6 ring of strength (right hand)
Scrolls
 g - a scroll of torment {unknown}
 j - 2 scrolls of blinking {unknown}
 l - 2 scrolls of poison {unknown}
 m - a scroll of enchant armour {unknown}
 o - a scroll of vulnerability {unknown}
 p - a scroll of noise {unknown}
 t - 2 scrolls of amnesia {unknown}
 x - a scroll of identify {unknown}
Potions
 c - 3 potions of invisibility
 f - a potion of magic {unknown}
 h - a potion of flight {unknown}
 i - 3 potions of curing {unknown}
 k - 2 potions of berserk rage {unknown}
 n - a potion of degeneration {unknown}
 u - a potion of ambrosia {unknown}
 v - a potion of haste {unknown}
 z - a potion of cancellation {unknown}


   Skills:
 + Level 1.2 Fighting
 + Level 3.1 Short Blades
 - Level 2.4 Dodging
 + Level 5.5 Stealth
 + Level 5.1 Spellcasting
 + Level 5.6 Hexes
 + Level 0.6 Translocations


You had 2 spell levels left.
You knew the following spells:

 Your Spells              Type           Power      Damage    Failure   Level
a - Dazzling Flash        Conj/Hex       36%        N/A       10%         3
b - Ensorcelled Hibernat  Hex/Ice        36%        N/A       4%          2
c - Confusing Touch       Hex            30%        N/A       3%          3
d - Tukima's Dance        Hex            30%        N/A       3%          3
e - Blink                 Tloc           16%        N/A       12%         2

Your spell library contained the following spells:

 Spells                   Type           Power      Damage    Failure   Level
 Apportation              Tloc           16%        N/A       8%          1
 Manifold Assault         Tloc           8%         N/A       58%         4
 Alistair's Intoxication  Tmut/Pois      3%         N/A       95%         5
 Storm Form               Tmut/Air       2%         N/A       100%        7


Dungeon Overview and Level Annotations

Branches:
Dungeon (5/15)             Temple (1/1) D:4

Altars:
Ashenzari
Cheibriados
Dithmenos
Elyvilon
Fedhas
Gozag
Hepliaklqana
Kikubaaqudgha
Makhleb
Nemelex Xobeh
Okawaru
Qazlal
Ru
Trog
Uskayaw
Vehumet
Wu Jian
Xom
Yredelemnul
Zin

Annotations:
D:5 Pikel


Message History

You hit Pikel.
Pikel is lightly wounded.
Pikel struggles against the net.
You hit Pikel.
Pikel is lightly wounded.
Pikel zaps a wand.
Your mind is blasted!
Pikel struggles against the net.
You catch the helpless Pikel completely off-guard!
You puncture Pikel!
Pikel is heavily wounded.
You hit Pikel but do no damage.
Pikel is heavily wounded.
You hit Pikel but do no damage.
Pikel is heavily wounded.
Pikel struggles against the net.
You hit Pikel but do no damage.
Pikel is heavily wounded.
Pikel struggles against the net.
The net rips apart, and Pikel comes free!
Throw: throwing net
Press: ? - help, Shift-Dir - straight line, f/p - Pikel
Aim: Pikel, wearing a +2 robe of fire resistance and carrying a wand of mindburst (9) (heavily wounded, 55% to hit)
You throw a throwing net. The throwing net closely misses Pikel.
The throwing net closely misses the lemure.
The throwing net hits the lemure.
The lemure is caught in the net!
Pikel closely misses you.
The lemure struggles against the net.
Okay, then.
Unknown command.
You hit Pikel.
Pikel is heavily wounded.
Pikel zaps a wand.
Your mind is blasted!
The lemure struggles against the net.
You barely miss Pikel.
Pikel is heavily wounded.
Pikel barely misses you.
The lemure struggles against the net.
You hit Pikel but do no damage.
Pikel is heavily wounded.
You miss Pikel.
Pikel is heavily wounded.
The lemure struggles against the net.
Pikel zaps a wand.
Your mind is blasted!
Ouch! That really hurt!
You die...

#. #. ## ##.# .
#... .# #... ##.#
#... ##...##
####...#####
#.....
...........####..#
..........@K5555.#
...........#####.#
###.....#### .#
#....<# .# #.....#
.# #.....# 5.
#.#.#.# K5 #.....#
## ##.#...


You could see Pikel and 4 lemures.

Vanquished Creatures
  An ogre (D:5)
  A necrophage (D:4)
  4 orc wizards
  7 adders
  A worm (D:2)
  7 orcs
  6 bats
  8 endoplasms
  4 giant cockroaches
  4 goblins
  6 hobgoblins
  5 quokkas
  5 ball pythons
  2 frilled lizards
  4 kobolds
  5 rats
70 creatures vanquished.

Vanquished Creatures (others)
  A dancing weapon (D:5)
1 creature vanquished.

Grand Total: 71 creatures vanquished

Notes
Turn   | Place    | Note
-------+----------+-------------------------------------------
     0 | D:1      | mopl the Deep Elf Enchanter began the quest for the Orb.
     0 | D:1      | Reached XP level 1. HP: 10/10 MP: 6/6
   291 | D:1      | Found a faded altar of an unknown god.
   426 | D:1      | Reached XP level 2. HP: 11/15 MP: 8/8
   430 | D:1      | Learned a level 2 spell: Ensorcelled Hibernation
   793 | D:2      | Reached skill level 4 in Stealth
   904 | D:2      | Reached XP level 3. HP: 19/19 MP: 5/10
   908 | D:2      | Learned a level 3 spell: Confusing Touch
   912 | D:2      | Learned a level 3 spell: Tukima's Dance
  1423 | D:2      | Reached skill level 2 in Short Blades
  1907 | D:3      | Reached skill level 4 in Spellcasting
  1907 | D:3      | Reached XP level 4. HP: 24/24 MP: 4/12
  2055 | D:3      | Found a bloodstained altar of Trog.
  2096 | D:3      | Found a faded altar of an unknown god.
  2113 | D:3      | Found a glowing silver altar of Zin.
  2201 | D:3      | Reached skill level 5 in Hexes
  2356 | D:3      | Reached XP level 5. HP: 28/28 MP: 13/13
  2712 | D:3      | Found a burning altar of Makhleb.
  2752 | D:3      | Learned a level 3 spell: Dazzling Flash
  2947 | D:4      | Reached skill level 5 in Stealth
  3151 | D:4      | Reached skill level 1 in Fighting
  3151 | D:4      | Reached skill level 3 in Short Blades
  3151 | D:4      | Reached XP level 6. HP: 23/34 MP: 11/15
  3325 | D:4      | Found a staircase to the Ecumenical Temple.
  3332 | Temple   | Entered the Ecumenical Temple
  3343 | Temple   | Became a worshipper of Dithmenos the Shadowed
  3790 | D:5      | Entered Level 5 of the Dungeon
  3794 | D:5      | Learned a level 2 spell: Blink
  3806 | D:5      | Noticed Pikel
  3815 | D:5      | Reached skill level 5 in Spellcasting
  3838 | D:5      | Blown up by Pikel

Illustrated notes

Levels and vault maps discovered:
D:1:      lightli_arrival_lavapool, layout_basic,
          dreamdust_ecumenical_altar_hidden_monk_grotto, minmay_crystal_room
D:2:      layout_loops_corners
D:3:      layout_basic, nicolae_overflow_ecumenical_swirl,
          lightli_temple_of_fire, mainiacjoe_overflow_cross_hatched
D:4:      layout_basic, minmay_temple_entry_nine_rooms
D:5:      layout_loops_cross, tso_altar, lightli_ossuary_entry_decrepit_ruins,
          nicolae_shop_i_like_big_books, uniq_pikel
Temple:   sentei_temple_godly_chess

Skill      XL: |  1  2  3  4  5  6 |
---------------+-------------------+-----
Stealth        | 4 5 |  5.5
Short Blades   | 2 3 |  3.1
Spellcasting   | 4 5 |  5.1
Hexes          | 5 |  5.6
Fighting       | 1 |  1.2
Dodging        | |  2.4
Translocations | |  0.6

Action                     |  1- 3 |  4- 6 || total
---------------------------+-------+-------++-------
  Melee: Dagger            |    95 |    86 ||   181
         Punch             |     2 |     1 ||     3
  Throw: Throwing net      |     1 |     5 ||     6
   Cast: Ensorcelled Hiber |    19 |    25 ||    44
         Confusing Touch   |       |     1 ||     1
         Tukima's Dance    |       |     3 ||     3
   Stab: Sleeping          |    18 |    24 ||    42
         Held in net/web   |     1 |     2 ||     3
         Confused          |       |     1 ||     1
 Armour: Robe              |     8 |     8 ||    16
  Dodge: Dodged            |    47 |    38 ||    85

Table legend: (Time is in decaauts)
 A = Elapsed time spent in this place.
 B = Non-inter-level travel time spent in this place.
 C = Inter-level travel time spent in this place.
 D = Time resting spent in this place.
 E = Time spent auto-exploring this place.
 F = Levels seen in this place.
 G = Mean time per level.
                   A        B        C        D        E       F      G
               +--------+--------+--------+--------+--------+-----+--------+
         Total |   3823 |   3690 |    133 |    500 |   2539 |   6 |  637.2 |
       Dungeon |   3802 |   3679 |    123 |    500 |   2539 |   5 |  760.4 |
        Temple |     20 |     11 |      9 |      0 |      0 |   1 |   20.0 |
               +--------+--------+--------+--------+--------+-----+--------+

Top non-repeatable levels by time:
     D:2: 1203 daAuts
     D:4: 992 daAuts
     D:1: 780 daAuts
     D:3: 780 daAuts
     D:5: 45 daAuts
  Temple: 20 daAuts
